 Dungeon Crawl Stone Soup version 0.25-b1-23-ge2ad7d536c (webtiles) character file.

Game seed: 1108455361228383585, levelgen mode: deterministic

20 Esekla the Magician (level 2, -1/18 HPs)
             Began as an Octopode Wizard on June 3, 2020.
             Slain by an adder (2 damage)
             ... on level 2 of the Dungeon.
             The game lasted 00:06:54 (1164 turns).

Esekla the Magician (Octopode Wizard)               Turns: 1164, Time: 00:06:55

Health: -1/18      AC:  1    Str:  6    XL:     2   Next: 79%
Magic:  6/6        EV: 13    Int: 26    God:
Gold:   60         SH:  0    Dex: 10    Spells: 7/8 levels left

rFire    . . .     SeeInvis .   f - +0 dagger
rCold    . . .     Gourm    .   (no shield)
rNeg     . . .     Faith    .   a - +0 hat
rPois    .         Spirit   .   (no amulet)
rElec    .         Reflect  .   g - +6 ring of intelligence
rCorr    .         Harm     .   (no ring)
MR       .....                  (no ring)
Stlth    +++.......             (no ring)
HPRegen  0.06/turn              (no ring)
MPRegen  0.10/turn              (no ring)
                                (no ring)
                                (no ring)

@: lethally poisoned (-1 -> -6)
A: almost no armour, stealthy swim, amphibious, 8 rings, constrict 8, camouflage
1, gelatinous body 1
a: no special abilities


You were on level 2 of the Dungeon.
You were hungry.

You visited 1 branch of the dungeon, and saw 2 of its levels.

You collected 60 gold pieces.

Inventory:

Hand Weapons
 f - a +0 dagger (weapon)
Missiles
 d - 10 poisoned darts (quivered)
Armour
 a - a +0 hat (worn)
Jewellery
 g - a +6 ring of intelligence (left tentacle)
Scrolls
 e - 2 scrolls of blinking {unknown}
 j - 2 scrolls of identify
 l - a scroll of teleportation {unknown}
 m - a scroll of remove curse {unknown}
Potions
 b - a potion of lignification
 h - a potion of ambrosia
 i - a potion of stabbing
 k - 2 potions of curing
 n - a potion of magic {unknown}
Comestibles
 c - 3 rations


   Skills:
 * Level 0.4 Fighting
 + Level 0.2 Short Blades
 + Level 2.0 Dodging
 - Level 2.6 Stealth
 * Level 3.6 Spellcasting
 * Level 1.1 Conjurations
   Level 1.0 Summonings
   Level 1.0 Translocations


You had 7 spell levels left.
You knew the following spells:

 Your Spells              Type           Power        Failure   Level  Hunger
a - Magic Dart            Conj           ##..         5%          1    None

Your spell library contained the following spells:

 Spells                   Type           Power        Failure   Level  Hunger
 Blink                    Tloc           N/A          9%          2    #......
 Call Imp                 Summ           #.......     9%          2    #......
 Slow                     Hex            #.......     14%         2    #......
 Conjure Flame            Conj/Fire      #.......     22%         3    ##.....
 Mephitic Cloud           Conj/Pois/Air  #.......     22%         3    ##.....


Dungeon Overview and Level Annotations

Branches:
Dungeon (2/15)

Altars:

Annotations:
D:2 Sigmund


Innate Abilities, Weirdness & Mutations

You cannot wear most types of armour.
You are very stealthy in the water. (Stealth+)
You are amphibious.
You can wear up to eight rings at the same time.
You can use your tentacles to constrict eight enemies at once.
Your skin changes colour to match your surroundings (Stealth+).
Your rubbery body absorbs attacks. (AC +1, EV +1)


Message History

You hit the frilled lizard.
You kill the frilled lizard!
An adder and a gnoll come into view.
The gnoll shouts!
The adder hisses angrily.
The adder misses you.
You barely miss the adder. Your grab misses the adder. The adder bites you.
You are poisoned.
The adder poisons you!
You closely miss the adder. Your grab misses the adder.
You feel sick. The gnoll closely misses you. The adder barely misses you.
You miss the adder. You grab the adder. Your squeeze misses the adder.
You constrict the adder.
You feel sick. The adder closely misses you.
The gnoll hits you from afar with a +0 spear.
You hit the adder.
The adder is moderately wounded.
You constrict the adder. The adder barely misses you.
The gnoll hits you from afar with a +0 spear.
* * * LOW HITPOINT WARNING * * *
The adder bites you.
You die...

#.#
#......>##.#
#.#
#######.##.#
#.#####
#.##{#
##.#...#
###.##.#
##.#..#.#
#...##.#
#.###.#.S.
######..
##.#g.#g.#..
###
##S#.#..# ##
#@#.##.# .#
# #.#.# .#
.. # #.#.#
.. #. #
#.#.# #.##
#.#.. #.(#
#.### ..#
#.#
...####.#
#.##
#......#
#..#
####...)


You could see a gnoll and an adder.

Vanquished Creatures
  A leopard gecko (D:1)
  2 giant cockroaches
  2 hobgoblins
  A kobold (D:2)
  3 bats
  7 frilled lizards
  2 goblins (D:1)
  2 rats (D:1)
20 creatures vanquished.

Notes
Turn   | Place    | Note
-------+----------+-------------------------------------------
     0 | D:1      | Esekla the Octopode Wizard began the quest for the Orb.
     0 | D:1      | Reached XP level 1. HP: 11/11 MP: 4/4
     0 | D:1      | Noticed a naga
     1 | D:1      | Noticed a dwarf
     1 | D:1      | Noticed a gargoyle
     3 | D:1      | Noticed a dwarf
     3 | D:1      | Noticed a ghoul
     6 | D:1      | Noticed a felid
    10 | D:1      | Noticed a human
    10 | D:1      | Noticed a vampire
    12 | D:1      | Noticed a dwarf
    14 | D:1      | Noticed a dwarf
    14 | D:1      | Noticed a felid
    16 | D:1      | Noticed a troll
    16 | D:1      | Noticed a dwarf
    16 | D:1      | Noticed an elf
    18 | D:1      | Noticed an elf
   358 | D:1      | Reached XP level 2. HP: 15/17 MP: 6/6
   874 | D:2      | Noticed Sigmund
  1164 | D:2      | Slain by an adder

Illustrated notes

Levels and vault maps discovered:
D:1:      shiori_arrival_whats_in_store_for_you, layout_loops_cross
D:2:      minmay_evil_eye, layout_loops_ring, nicolae_overflow_hidden_temple,
          uniq_robin, uniq_natasha, uniq_crazy_yiuf_cottage, uniq_sigmund

Action                   || total
-------------------------++-------
Melee: Dagger            ||    27
       Constrict         ||     6
       Tentacles         ||     2
 Cast: Magic Dart        ||    22
  Use: Scroll            ||     3
       Potion            ||     2
 Stab: Sleeping          ||     3
Armor: Skin              ||     3
Dodge: Dodged            ||    23
